Map: Oxide LE

Players

Lucky - Winner!

  • Race: Zerg Zerg
  • Spawn Location: 7:00

Mattagon

  • Race: Terran Terran
  • League: Diamond
  • Spawn Location: 1:00

VOD

Have the link to the VOD?

Description

Time

  • Played on: Feb. 15, 2021, 10:55 a.m.
  • Length: 24:31
Show
View Real Time Build Order
Export as new Build Order

Lucky Zerg - Winner!

Build Orders: 3 Hatch before Pool, Muta Ling Bane, Swarm Host 

Get SALT Encoding   

  12  0:01  Drone  
  13  0:13  Drone  
  14  0:16  Extractor, Drone  
  14  0:25  Overlord  
  14  0:43  Drone  
  14  0:44  Drone  
  14  0:46  Drone  
  17  0:57  Drone  
  18  1:08  Hatchery  
  18  1:09  Drone  
  18  1:31  Hatchery  
  18  1:47  Spawning Pool, Drone  
  18  1:50  Drone  
  18  1:54  Drone  
  18  2:13  Drone  
  18  2:14  Drone  
  20  2:20  Drone  
  20  2:21  Drone  
  22  2:32  Overlord  
  22  2:34  Overlord  
  22  2:39  Queen  
  22  2:41  Queen  
  26  2:44  Drone  
  26  2:45  Drone  
  28  2:55  Queen  
  28  2:56  Drone  
  31  3:00  Drone  
  31  3:05  Metabolic Boost  
  32  3:10  Drone  
  32  3:11  Drone  
  32  3:12  Drone  
  35  3:14  Drone  
  35  3:17  Zergling x2  
  39  3:28  Lair  
  37  3:41  Drone x2, Baneling Nest  
  36  3:43  Drone x2  
  36  3:44  Extractor, Drone  
  36  3:45  Drone  
  41  3:51  Roach Warren  
  40  3:58  Drone  
  40  3:59  Drone x4  
  45  4:14  Drone x2  
  45  4:15  Drone  
  48  4:19  Extractor, Drone x2  
  48  4:20  Extractor, Drone  
  48  4:23  Drone  
  50  4:26  Overlord  
  50  4:29  Overlord  
  50  4:41  Spire, Drone  
  50  4:44  Drone  
  51  4:46  Drone  
  51  4:47  Drone x6  
  51  4:50  Zergling x2  
  59  4:54  Roach  
  59  4:55  Roach  
  59  4:57  Roach  
  65  5:00  Overlord  
  65  5:02  Overlord  
  65  5:08  Overlord  
  65  5:17  Baneling x4  
  65  5:20  Spine Crawler  
  64  5:27  Roach  
  64  5:28  Roach x3  
  72  5:34  Roach  
  72  5:35  Roach x6  
  74  5:57  Mutalisk  
  74  5:58  Mutalisk x3  
  74  6:15  Overseer  
  73  6:19  Drone  
  74  6:33  Drone x9  
  74  6:34  Drone  
  74  6:37  Mutalisk  
  86  7:00  Drone x2  
  88  7:03  Queen  
  88  7:04  Extractor  
  88  7:07  Drone  
  88  7:08  Extractor  
  89  7:09  Overlord  
  89  7:10  Overlord  
  89  7:11  Overlord  
  89  7:12  Overlord  
  89  7:13  Overlord  
  89  7:22  Drone  
  90  7:24  Hydralisk Den  
  90  7:28  Drone x3  
  92  7:31  Drone x2  
  92  7:32  Drone x3  
  97  7:38  Drone x3  
  97  7:39  Spore Crawler  
  97  7:40  Spore Crawler  
  98  7:45  Spore Crawler  
  97  7:57  Mutalisk  
  97  7:58  Mutalisk x7  
  99  8:00  Overseer  
  113  8:13  Zergling x14  
  102  8:56  Hatchery  
  102  8:57  Overlord  
  102  8:58  Extractor  
  102  9:00  Extractor  
  102  9:01  Pneumatized Carapace  
  99  9:05  Drone x4  
  103  9:12  Evolution Chamber  
  103  9:14  Evolution Chamber, Zerg Flyer Weapons Level 1  
  103  9:15  Evolution Chamber  
  100  9:19  Muscular Augments  
  100  9:20  Glial Reconstitution, Infestation Pit  
  100  9:22  Hydralisk x7  
  113  9:26  Centrifical Hooks  
  113  9:32  Overlord  
  113  9:36  Drone x3  
  113  9:37  Drone x2  
  118  9:42  Drone  
  118  9:43  Drone  
  118  9:44  Drone x2  
  122  9:49  Drone  
  123  9:54  Spire  
  123  9:56  Hive  
  123  9:59  Zerg Ground Armor Level 1, Zerg Melee Weapons Level 1, Zerg Missile Weapons Level 1  
  122  10:00  Hydralisk x4  
  122  10:05  Drone  
  122  10:06  Drone x2  
  133  10:07  Drone  
  133  10:08  Drone x2  
  133  10:10  Drone  
  133  10:12  Drone x2  
  133  10:13  Drone  
  140  10:23  Mutalisk x2  
  140  10:27  Overlord  
  140  10:28  Overlord  
  144  10:29  Overlord  
  144  10:30  Grooved Spines  
  144  10:52  Overlord  
  144  10:54  Drone  
  144  10:55  Drone x3  
  144  10:56  Drone x2  
  151  10:57  Drone x3  
  151  11:03  Overlord x4  
  153  11:04  Overlord  
  153  11:08  Zerg Flyer Armor Level 1  
  153  11:10  Queen  
  155  11:17  Mutalisk  
  155  11:18  Mutalisk  
  159  11:33  Mutalisk x10  
  179  11:47  Hydralisk x4  
  176  11:57  Zerg Missile Weapons Level 2, Zerg Melee Weapons Level 2, Zerg Ground Armor Level 2  
  176  12:04  Overlord x5  
  176  12:13  Overseer  
  176  12:28  Zergling x2  
  176  12:29  Zergling x22  
  172  12:50  Swarm Host x8  
  144  13:37  Hydralisk  
  144  13:38  Hydralisk x13  
  160  14:08  Swarm Host  
  160  14:09  Swarm Host x6  
  161  14:14  Overlord  
  161  14:15  Overlord  
  173  14:30  Hydralisk  
  173  14:31  Hydralisk x8  
  159  14:48  Mutalisk  
  159  14:50  Roach x6  
  161  14:57  Mutalisk  
  161  14:58  Mutalisk x3  
  158  15:10  Roach  
  158  15:11  Roach x3  
  154  15:15  Zergling x4  
  154  15:20  Zergling x2  
  154  15:21  Zergling x2  
  130  15:42  Zergling x2  
  130  15:43  Zergling x14  
  130  15:48  Hydralisk  
  130  15:49  Hydralisk x2  
  138  15:57  Zergling x2  
  138  15:58  Zergling x4  
  140  16:10  Hydralisk  
  140  16:11  Hydralisk x4  
  142  16:28  Roach x5  
  142  16:29  Baneling  
  142  16:30  Baneling  
  142  16:31  Baneling x14  
  146  16:37  Hatchery  
  145  16:40  Extractor  
  145  16:41  Extractor  
  145  16:44  Roach x6  
  145  16:45  Roach  
  157  16:48  Roach  
  157  16:51  Roach  
  161  16:56  Drone  
  161  16:57  Ultralisk Cavern  
  161  16:58  Roach x2  
  165  17:03  Roach  
  165  17:04  Roach x2  
  165  17:06  Overlord  
  171  17:08  Overseer  
  171  17:09  Overseer  
  171  17:15  Hydralisk x5  
  173  17:20  Baneling x6  
  181  17:33  Hydralisk  
  181  17:34  Hydralisk x4  
  181  17:36  Overlord x3  
  191  17:43  Overlord  
  191  17:48  Overlord x3  
  191  17:49  Extractor x2  
  191  17:50  Hatchery  
  188  17:58  Anabolic Synthesis  
  188  18:02  Ultralisk x2  
  200  18:08  Zerg Ground Armor Level 3, Zerg Melee Weapons Level 3, Zerg Missile Weapons Level 3  
  200  18:10  Zerg Flyer Weapons Level 2, Zerg Flyer Armor Level 2  
  200  18:41  Chitinous Plating  
  159  19:08  Ultralisk  
  159  19:09  Ultralisk x7  
  169  19:10  Drone  
  169  19:11  Zergling x24  
  169  19:12  Zergling x16  
  169  19:15  Zergling x2  
  169  19:37  Hydralisk  
  169  19:38  Hydralisk x9  
  176  19:59  Hydralisk  
  162  20:00  Hydralisk x4  
  172  20:08  Overlord  
  172  20:09  Overlord x2  
  172  20:10  Zergling x14  
  179  20:27  Hydralisk  
  179  20:28  Hydralisk x5  
  181  20:34  Hydralisk  
  193  20:42  Zergling x2  
  194  20:43  Zergling x12  
  195  21:07  Hydralisk x2  
  137  21:31  Hydralisk  
  137  21:32  Hydralisk x7  
  108  21:33  Hydralisk  
  108  21:34  Zergling x2  
  114  21:44  Zergling x4  
  114  21:45  Zergling x2  
  117  21:47  Zergling x2  
  117  21:48  Zergling x4  
  117  21:54  Zergling x4  
  119  21:55  Zergling x2  
  119  21:59  Zergling x2  
  117  22:06  Zergling x6  
  115  22:28  Zergling x2  
  115  22:29  Zergling x16  
  110  22:39  Zergling x2  
  110  22:40  Zergling x18  
  116  22:46  Extractor, Mutalisk  
  116  22:47  Hatchery  
  115  23:01  Mutalisk  
  117  23:10  Hatchery  
  108  23:13  Extractor  
  108  23:14  Extractor  
  95  23:22  Mutalisk  
  97  23:29  Zergling x2  
  97  23:30  Zergling x20  
  107  23:36  Zergling x2  
  102  23:46  Mutalisk  
  89  24:02  Overlord  
  87  24:04  Drone x3  
Show
View Real Time Build Order
Export as new Build Order

Mattagon Terran 

Build Orders: Hellion Banshee, Mech 

Get SALT Encoding   

  12  0:01  SCV  
  13  0:13  SCV  
  14  0:17  Supply Depot  
  14  0:25  SCV  
  15  0:39  SCV  
  15  0:41  Barracks  
  16  0:51  SCV  
  17  1:04  SCV  
  18  1:09  Refinery  
  18  1:16  SCV  
  19  1:28  SCV  
  19  1:29  Marine  
  21  1:34  Command Center  
  21  1:43  Orbital Command  
  21  1:53  Refinery  
  21  1:57  Supply Depot  
  22  2:10  SCV  
  22  2:22  Bunker  
  22  2:26  Factory  
  22  2:28  SCV  
  23  2:34  Barracks Reactor  
  23  2:40  SCV  
  24  2:49  Orbital Command  
  24  2:52  SCV  
  25  3:01  Refinery  
  25  3:04  SCV  
  26  3:14  Starport  
  26  3:16  SCV  
  27  3:22  SCV  
  28  3:28  SCV  
  28  3:32  Hellion  
  28  3:33  Hellion  
  33  3:34  SCV  
  33  3:40  SCV  
  34  3:46  SCV  
  34  3:48  Armory  
  35  3:50  Barracks Tech Lab  
  35  3:51  Starport Tech Lab  
  35  3:52  SCV  
  36  3:56  Hellion x2  
  36  3:58  SCV  
  41  4:04  SCV  
  41  4:08  Marine  
  43  4:10  SCV  
  43  4:17  SCV  
  45  4:19  Supply Depot  
  45  4:20  Supply Depot  
  45  4:21  Supply Depot  
  45  4:22  SCV, Hellion x2  
  50  4:24  Banshee  
  50  4:30  SCV  
  54  4:41  SCV  
  54  4:42  SCV  
  54  4:43  Terran Vehicle And Ship Armor Level 1, Engineering Bay  
  54  4:44  Hellion x2  
  60  4:53  SCV, Supply Depot  
  60  4:57  SCV  
  62  5:05  SCV, Hellion, Refinery  
  65  5:09  SCV, Cloaking Field  
  65  5:13  Banshee  
  69  5:17  SCV  
  70  5:21  SCV, Supply Depot  
  71  5:31  SCV  
  71  5:33  SCV  
  65  6:01  Hellion x2  
  63  6:06  Factory  
  63  6:07  Factory  
  59  6:14  Command Center  
  59  6:31  Widow Mine x2  
  60  6:33  Missile Turret  
  60  6:35  Missile Turret  
  60  6:37  Missile Turret  
  60  6:38  Terran Vehicle And Ship Armor Level 2  
  60  6:39  Missile Turret x2  
  60  6:43  SCV x2  
  62  6:52  Widow Mine x2  
  66  6:59  SCV x2  
  68  7:03  Factory Tech Lab, Missile Turret  
  68  7:06  Missile Turret  
  68  7:12  Factory Tech Lab  
  68  7:14  Viking  
  70  7:21  Widow Mine  
  70  7:22  Widow Mine, Thor  
  80  7:29  SCV x2  
  82  7:41  SCV x2, Armory  
  84  7:48  Drilling Claws  
  84  7:49  Siege Tank  
  84  7:51  Widow Mine x2  
  91  7:52  Orbital Command  
  91  7:53  SCV x2  
  93  8:05  SCV x2  
  91  8:15  Missile Turret  
  91  8:17  SCV x2  
  90  8:29  SCV  
  80  8:44  Hellbat, Siege Tank x2  
  80  8:45  Hellbat  
  81  8:55  SCV x2  
  83  8:58  Liberator  
  83  9:00  Factory x2  
  86  9:04  Command Center  
  86  9:06  Sensor Tower  
  86  9:09  Hellbat x2  
  90  9:12  Sensor Tower  
  90  9:15  Thor  
  96  9:19  Thor  
  96  9:21  Terran Vehicle Weapons Level 1  
  102  9:31  Orbital Command  
  102  9:39  Hellbat x2  
  102  9:41  Viking, Refinery  
  108  9:52  Thor  
  108  10:04  Factory Tech Lab  
  108  10:09  Factory Tech Lab  
  108  10:15  Viking  
  108  10:16  Hellbat x2, Thor  
  108  10:17  Supply Depot  
  108  10:18  Supply Depot  
  108  10:19  Supply Depot  
  108  10:20  Supply Depot  
  120  10:42  Thor, Siege Tank x2  
  129  10:45  Viking  
  131  10:56  SCV x2  
  133  10:59  Missile Turret  
  133  11:00  SCV  
  133  11:01  Missile Turret  
  134  11:04  Missile Turret  
  134  11:08  SCV  
  135  11:15  Viking  
  137  11:20  SCV x2  
  137  11:21  SCV  
  140  11:27  Refinery  
  140  11:32  SCV  
  141  11:33  Planetary Fortress  
  141  11:44  Thor x2  
  141  11:45  Viking  
  141  11:46  Hellbat x4  
  163  12:04  SCV  
  164  12:11  SCV x2, Hellbat  
  164  12:15  Viking, Supply Depot  
  170  12:16  SCV, Supply Depot  
  170  12:17  SCV  
  172  12:24  SCV x2  
  172  12:28  Command Center  
  168  12:35  Thor  
  168  12:36  Thor  
  173  13:11  Missile Turret  
  173  13:12  Missile Turret  
  171  13:25  SCV x3  
  142  13:37  Command Center  
  142  13:39  Terran Vehicle Weapons Level 2  
  142  13:40  Terran Vehicle And Ship Armor Level 3  
  142  13:43  Thor  
  142  13:44  Hellbat x4  
  142  13:45  Hellbat  
  158  13:50  Factory  
  158  13:55  Missile Turret  
  158  13:57  Missile Turret  
  158  14:05  Hellbat  
  158  14:06  Hellbat x4  
  144  14:13  Infernal Pre-Igniter  
  144  14:26  Thor  
  144  14:27  Hellbat x4  
  146  14:32  Hellbat  
  142  14:48  Hellbat x3  
  142  14:49  Hellbat  
  142  14:53  Hellbat  
  132  15:09  Hellbat  
  132  15:10  Hellbat x4  
  132  15:13  Refinery  
  134  15:15  Hellbat  
  128  15:30  Hellbat  
  128  15:31  Hellbat x2, Thor x2  
  144  15:36  Thor  
  126  15:51  SCV x2  
  126  15:52  Hellbat x2  
  126  15:53  Hellbat  
  126  15:54  SCV  
  131  16:03  SCV x2  
  131  16:06  SCV  
  130  16:13  Hellbat  
  130  16:14  Hellbat, Thor  
  130  16:15  SCV  
  130  16:18  Hellbat x2  
  143  16:19  Hellbat  
  141  16:34  Thor  
  141  16:38  Hellbat  
  141  16:39  Planetary Fortress, Hellbat x2  
  153  16:40  Hellbat  
  153  16:44  SCV x2  
  157  16:57  Hellbat  
  157  16:59  Hellbat  
  157  17:01  Hellbat x2  
  165  17:02  Refinery x2  
  165  17:06  Neosteel Armor, Missile Turret  
  165  17:07  Missile Turret x3  
  165  17:10  Missile Turret  
  165  17:21  Thor  
  171  17:25  Viking  
  173  17:47  Thor x2  
  173  17:48  Hellbat x2  
  189  18:07  Hellbat, Thor  
  189  18:09  Hellbat  
  199  18:18  Sensor Tower  
  191  18:55  Hellbat x4, Thor x2  
  130  19:16  Hellbat x2, Thor x2  
  146  19:18  SCV x2  
  146  19:19  Orbital Command, Planetary Fortress  
  146  19:38  Hellbat, Missile Turret  
  140  20:03  SCV  
  140  20:04  SCV x3  
  140  20:06  Siege Tank x3  
  153  20:07  SCV  
  153  20:12  Smart Servos  
  154  20:15  SCV, Hellbat x3  
  154  20:16  SCV x3  
  136  20:37  Hellbat x3  
  136  20:38  Thor  
  136  20:39  Hellbat x2  
  136  20:42  Factory  
  151  20:58  Hellbat x3  
  151  21:00  Hellbat x2  
  144  21:19  Hellbat x2, Siege Tank  
  144  21:21  Hellbat x2  
  121  21:36  Orbital Command  
  91  22:33  Orbital Command  
  81  22:48  Hellbat x5  
  81  22:51  SCV x2  
  85  23:22  Hellbat x3  
  85  23:23  Hellbat x3  
Tags
 
Add a new tag
Caveats
  • Supply blocks, unpowered buildings, or Contaminate may cause inaccurate times.
  • Supply counts are checked every 10 seconds.